 Dungeon Crawl Stone Soup version 0.31-a0-152-g6aa68a64a1 (webtiles) character file.

Game seed: 10328594667784314704

36 qw the Shooter (level 3, -4/31 HPs)
             Began as a Minotaur Hunter on June 9, 2023.
             Slain by a gnoll
             ... wielding a +0 spear
              (6 damage)
             ... on level 2 of the Dungeon.
             The game lasted 00:00:21 (956 turns).

qw the Shooter (Minotaur Hunter)                     Turns: 956, Time: 00:00:21

Health: -4/31      AC:  5    Str: 15    XL:     3   Next: 19%
Magic:  2/2        EV: 11    Int:  6    God:
Gold:   31         SH:  0    Dex: 15    Spells: 2/2 levels left

rFire   . . .        Y - +0 shortbow
rCold   . . .        (shield currently unavailable)
rNeg    . . .        e - +0 ring mail
rPois   .            (helmet restricted)
rElec   .            (no cloak)
rCorr   .            (no gloves)
SInv    .            (no boots)
Will    .....        (no amulet)
Stlth   +            (no ring)
HPRegen 0.25/turn    (no ring)
MPRegen 0.08/turn

%: no passive effects
@: no status effects
A: horns 2, retaliatory headbutt
a: no special abilities


You were on level 2 of the Dungeon.
You visited 1 branch of the dungeon, and saw 2 of its levels.

You collected 31 gold pieces.


Innate Abilities, Weirdness & Mutations

You have a pair of horns on your head.
You reflexively headbutt those who attack you in melee.


   Skills:
 - Level 3.0 Fighting
 + Level 5.2 Ranged Weapons
 - Level 1.0 Armour
 - Level 2.1 Dodging
 - Level 0.7 Stealth


You had 2 spell levels left.
You didn't know any spells.
Your spell library was empty.

Inventory:

Hand Weapons
 Y - a +0 shortbow (weapon)
Armour
 e - a +0 ring mail (worn)
Scrolls
 a - a scroll of poison {unknown}
 b - a scroll of identify
 g - a scroll of enchant weapon {unknown}
Potions
 c - a potion of heal wounds {unknown}
 d - a potion of haste {unknown}
 f - 2 potions of degeneration {unknown}

Dungeon Overview and Level Annotations

Branches:
Dungeon (2/15)

Altars:


Message History

Enter note:
Enter note: You shoot an arrow.
The arrow hits the goblin.
You kill the goblin!
g - a scroll labelled SURYMU EMAFF You see here a +0 club.
Enter note:
Enter note:
There is a stone staircase leading up here.
You see here a +0 chain mail of fire resistance.
Enter note:
Enter note: 2 gnolls come into view.
The gnoll shouts! x2
A gnoll comes into view. It is wielding a +0 spear.
Enter note:
Enter note:
948 ||| Stepping ~*~*~tactically~*~*~ (outnumbered).
You see here a +0 chain mail of fire resistance.
You shoot an arrow. The arrow barely misses the gnoll.
You shoot an arrow. The arrow hits the gnoll.
The gnoll is lightly wounded.
The gnoll barely misses you. The gnoll hits you with a +0 club.
You shoot an arrow. The arrow hits the gnoll!
The gnoll is almost dead.
The gnoll hits you from afar with a +0 spear.
The gnoll misses you.
You shoot an arrow. The arrow closely misses the gnoll.
The gnoll barely misses you. The gnoll hits you with a +0 club!
You shoot an arrow.
The arrow hits the gnoll but does no damage.
The gnoll is almost dead.
The gnoll hits you but does no damage. The gnoll hits you with a +0 club. x2
The gnoll hits you from afar with a +0 spear.
You shoot an arrow. The arrow hits the gnoll.
The gnoll is almost dead.
The gnoll barely misses you. x2
You shoot an arrow. The arrow barely misses the gnoll.
The gnoll hits you from afar with a +0 spear.
You die...

#####%.. #.#
......... #.#
.#####... #.#
##.# ###.# #.#
...# #### #.#
#..##..... #.#
#..gg..... #.#
# #@# #.. #.
#[# ##.
###..#####.#
..####.
...........#
#..#....
#.#.##.####
........
#.#..<####.###
##..#..#.
#.............
........
###...####.###
#..#..#.
###.####.##
#..#.#..


You could see 2 gnolls.

Vanquished Creatures
  A worm (D:2)
  3 endoplasms (D:1)
  A giant cockroach (D:1)
  3 goblins
  A hobgoblin (D:1)
  4 jackals (D:1)
  A kobold (D:1)
  2 quokkas (D:1)
  3 ball pythons
  5 bats (D:1)
  A frilled lizard (D:1)
  5 rats
30 creatures vanquished.

Notes
Turn   | Place    | Note
-------+----------+-------------------------------------------
     0 | D:1      | qw the Minotaur Hunter began the quest for the Orb.
     0 | D:1      | Reached XP level 1. HP: 18/18 MP: 0/0
     0 | D:1      | 0 ||| qw: Version: 0.2-a-122-gbc61b45
     0 | D:1      | 0 ||| qw: Game counter: 3457
     0 | D:1      | 0 ||| qw: Always use a shield: true
     0 | D:1      | 0 ||| qw: God list: Okawaru
     0 | D:1      | 0 ||| qw: Allow faded altars: false
     0 | D:1      | 0 ||| qw: Do Orc after D:15 true
     0 | D:1      | 0 ||| qw: Do second Lair branch before Depths: true
     0 | D:1      | 0 ||| qw: Lair rune preference: random
     0 | D:1      | 0 ||| qw: Plans: Normal
     0 | D:1      | 0 ||| PLANNING D:1-11
    34 | D:1      | Reached XP level 2. HP: 25/25 MP: 1/1
    55 | D:1      | Reached skill level 5 in Ranged Weapons
   383 | D:1      | Reached skill level 3 in Fighting
   397 | D:1      | 397 ||| UPGRADING to +0 ring mail.
   402 | D:1      | 402 ||| UPGRADING to +0 ring mail.
   412 | D:1      | 412 ||| DROPPING +0 leather armour.
   713 | D:1      | 713 ||| READING scroll labelled QIXKUS DURCH.
   714 | D:1      | 714 ||| READING scroll labelled YBLUANAUVY.
   715 | D:1      | 715 ||| DROPPING scroll of butterflies.
   756 | D:2      | Reached skill level 1 in Armour
   756 | D:2      | Reached XP level 3. HP: 31/31 MP: 2/2
   948 | D:2      | 948 ||| Stepping ~*~*~tactically~*~*~ (outnumbered).
   954 | D:2      | HP: 6/31 [gnoll/+0 club (5)]
   954 | D:2      | HP: 2/31 [gnoll/+0 spear (4)]
   956 | D:2      | Slain by a gnoll

Levels and vault maps discovered:
D:1:      minmay_arrival_semitransparent, layout_loops_ring,
          dreamdust_mushroom_princess
D:2:      layout_loops_ring

Skill      XL: |  1  2 |
---------------+-------+-----
Ranged Weapons | 5 |  5.2
Fighting       | 3 |  3.0
Armour         | 1 |  1.0
Dodging        | |  2.1
Stealth        | |  0.7

Action                     || total
---------------------------++-------
   Fire: Shortbow          ||    80
    Use: Scroll            ||     2
 Armour: Leather armour    ||     2
         Ring mail         ||     5
  Dodge: Dodged            ||    22

Table legend:
 A = Non-vault XP
 B = Vault XP
 C = Vault XP percentage of total XP
 D = Non-vault monster count
 E = Vault monster count
 F = Vault count percentage of total count
                 A         B        C        D         E       F
            +---------+---------+-------+---------+---------+-------
      Total |      52 |       0 |   0.0 |      30 |       0 |   0.0
            +---------+---------+-------+---------+---------+-------
        D:1 |      40 |       0 |   0.0 |      25 |       0 |   0.0
        D:2 |      12 |       0 |   0.0 |       5 |       0 |   0.0
            +---------+---------+-------+---------+---------+-------
